 Dungeon Crawl Stone Soup version 0.30-a0-304-gdc4b735fe1 (webtiles) character file.

Game seed: 10115298439499319152

488 koil the Sneak (level 6, 0/32 HPs)
             Began as a Spriggan Brigand on Oct 21, 2022.
             Slain by a gnoll
             ... wielding a +0 halberd
             ... led by a gnoll bouda
              (12 damage)
             ... on level 4 of the Dungeon.
             The game lasted 00:08:07 (3229 turns).

koil the Sneak (Spriggan Brigand)                   Turns: 3229, Time: 00:08:08

Health: 0/32       AC:  7    Str:  7    XL:     6   Next: 90%
Magic:  12/12      EV: 10    Int: 14    God:
Gold:   107        SH:  0    Dex: 17    Spells: 12/12 levels left

rFire   + . .      SeeInvis +    y - +8 long sword "Uczulo" {spect, rN+}
rCold   . . .      Faith    .    (no shield)
rNeg    + . .      Spirit   .    b - +0 robe
rPois   .          Reflect  .    (helmet restricted)
rElec   .          Harm     .    c - +0 cloak
rCorr   .          Rampage  .    (gloves unavailable)
Will    +....                    (boots unavailable)
Stlth   ++++......               (no amulet)
HPRegen 0.25/turn                o - +4 ring of protection
MPRegen 0.13/turn                q - ring of protection from fire

@: held, very quick
A: very small, no large weapons, unfitting armour, see invisible, speed 3
a: no special abilities


You were on level 4 of the Dungeon.
You visited 1 branch of the dungeon, and saw 4 of its levels.
You also visited: Sewer.

You collected 107 gold pieces.

Inventory:

Hand Weapons
 a - a +2 dagger
 l - a +2 vampiric hand axe
 v - a +1 vampiric dagger
 y - the +8 long sword "Uczulo" (weapon) {spect, rN+}
   (You found it on level 4 of the Dungeon)

   When its wielder attacks, the weapon's spirit leaps out and strikes again.
   The spirit shares a part of any damage it takes with its wielder.
   rN:        It protects you from negative energy.
Missiles
 d - 16 poisoned darts (quivered)
 e - 3 curare-tipped darts
Armour
 b - a +0 robe (worn)
 c - a +0 cloak (worn)
Magical Staves
 w - a staff of poison
Jewellery
 o - a +4 ring of protection (left hand)
 q - a ring of protection from fire (right hand)
Scrolls
 f - 3 scrolls of identify {unknown}
 i - 2 scrolls of blinking {unknown}
 k - 3 scrolls of teleportation {unknown}
 m - a scroll of enchant armour {unknown}
 p - 3 scrolls of vulnerability {unknown}
 t - a scroll of enchant weapon {unknown}
 x - a scroll of poison {unknown}
 A - a scroll of brand weapon {unknown}
Potions
 g - 5 potions of haste {unknown}
 h - 2 potions of mutation {unknown}
 j - a potion of invisibility {unknown}
 n - a potion of experience {unknown}
 r - 2 potions of curing {unknown}
 s - a potion of heal wounds {unknown}
 u - a potion of flight {unknown}
 z - a potion of brilliance {unknown}
 B - a potion of might {unknown}


   Skills:
 + Level 3.1 Fighting
 + Level 4.1 Short Blades
 - Level 2.0 Throwing
 + Level 4.2 Dodging
 + Level 7.7 Stealth
 + Level 3.6 Spellcasting


You had 12 spell levels left.
You didn't know any spells.
Your spell library contained the following spells:

 Spells                   Type           Power      Damage    Failure   Level
 Static Discharge         Conj/Air       4%         2-3/arc   30%         2
 Ozocubu's Armour         Ice            2%         N/A       52%         3
 Vhi's Electric Charge    Tloc/Air       4%         N/A       52%         3
 Arcjolt                  Conj/Air       1%         1d11      99%         5
 Lightning Bolt           Conj/Air       1%         1d12      99%         5
 Ozocubu's Refrigeration  Ice            1%         4d7       100%        7


Dungeon Overview and Level Annotations

Branches:
Dungeon (4/15)              Sewer (visited)
 Temple: D:4-7

Altars:
Ru


Innate Abilities, Weirdness & Mutations

You are very small and have problems with some larger weapons.
You are too small for most types of armour.
You have supernaturally acute eyesight. (SInv)
You cover ground extremely quickly. (Speed+++)


Message History

B - an amethyst potion You open the door.
Found 5 stones.
There is an open door here.
A gnoll comes into view. It is wielding a +0 whip.
A gnoll comes into view. It is wielding a +0 whip.
A gnoll comes into view. It is wielding a +0 halberd.
A gnoll comes into view. It is wielding a +0 spear.
A gnoll bouda comes into view. It is wielding a +0 whip.
There is an open door here.
The gnoll bouda shouts!
The gnoll shouts! x4; You hear a shout!
You slash the gnoll!
The gnoll is almost dead.
The gnoll completely misses you.
You barely miss the gnoll.
The gnoll is severely wounded.
The gnoll hits you but does no damage. The gnoll barely misses you.
A gnoll comes into view. It is wielding a +0 whip.
The gnoll barely misses you.
The gnoll hits you from afar with a +0 spear!
You slash the gnoll bouda!
The gnoll bouda is heavily wounded.
The gnoll hits you from afar with a +0 spear.
The gnoll closely misses you.
The gnoll bouda barks out a call to the hunt!
The gnolls pick up the pace!
You barely miss the gnoll bouda.
The gnoll bouda is heavily wounded.
The gnoll misses you. The gnoll completely misses you.
The gnoll bouda barely misses you.
You slash the gnoll bouda!
You kill the gnoll bouda!
The gnoll misses you.
The gnoll throws a throwing net.
The throwing net hits you.
You become entangled in the net!
The gnoll hits you but does no damage.
The gnoll hits you from afar with a +0 halberd.
The gnoll closely misses you.
You tear a large gash into the net.
The gnoll hits you with a +0 whip.
The gnoll hits you from afar with a +0 halberd!
You die... #.#.# #.#.# #.#.## #....## ..g.. ggg

#g# ## #@# ..# #.# #.#
##'## #.# ##...## #.#
##.....## ###.#
##.......## ##.#.##
#.........####.....###
+.........'.....†.....
#.........####...#.###


You could see 5 gnolls.

Vanquished Creatures
  An ogre (D:3)
  A scorpion (D:4)
  An orc priest (D:4)
  A gnoll bouda (D:4)
  An iguana (D:4)
  7 river rats (Sewer)
  9 adders
  4 worms
  3 dart slugs
  12 orcs
  13 ball pythons
  2 bats (D:1)
  5 endoplasms
  4 giant cockroaches
  5 goblins
  9 hobgoblins
  3 quokkas (D:3)
  5 frilled lizards
  7 kobolds
  11 rats
104 creatures vanquished.

Notes
Turn   | Place    | Note
-------+----------+-------------------------------------------
     0 | D:1      | koil the Spriggan Brigand began the quest for the Orb.
     0 | D:1      | Reached XP level 1. HP: 10/10 MP: 2/2
   103 | D:1      | Reached skill level 6 in Stealth
   167 | D:1      | Reached XP level 2. HP: 15/15 MP: 2/4
   247 | D:1      | Reached skill level 1 in Spellcasting
   686 | D:2      | Reached XP level 3. HP: 18/18 MP: 5/5
   737 | D:2      | Found a faded altar of an unknown god.
   880 | D:2      | Found a sacrificial altar of Ru.
  1458 | D:3      | Found a glowing drain.
  1501 | Sewer    | Entered a sewer
  1507 | Sewer    | Reached XP level 4. HP: 23/23 MP: 7/7
  1808 | Sewer    | Reached XP level 5. HP: 27/27 MP: 9/9
  2394 | D:3      | Reached skill level 7 in Stealth
  2439 | D:3      | Noticed an ogre
  2466 | D:3      | Killed an ogre
  2467 | D:3      | Reached XP level 6. HP: 32/32 MP: 11/11
  2807 | D:4      | Identified the +8 long sword "Uczulo" {spect, rN+}
  3229 | D:4      | Slain by a gnoll

Illustrated notes

Levels and vault maps discovered:
D:1:      dpeg_arrival_round_a, layout_rooms, chequers_decorated_corner
D:2:      layout_loops_ring, basic_altar, chequers_ecumenical_altar_simple,
          chequers_serial_rivers_micro_a
D:3:      minmay_skewed_foursquare, layout_basic, portal_sewer_entry_f
D:4:      layout_loops_corners

Skill      XL: |  1  2  3  4  5  6 |
---------------+-------------------+-----
Stealth        | 6 7 |  7.7
Spellcasting   | 1 2 3 |  3.6
Dodging        | 2 3 4 |  4.2
Fighting       | 2 3 |  3.1
Short Blades   | 3 4 |  4.1
Throwing       | |  2.0

Action                   |  1- 3 |  4- 6 || total
-------------------------+-------+-------++-------
Melee: Dagger            |   118 |   165 ||   283
       Long sword        |       |    27 ||    27
       Punch             |       |     1 ||     1
Throw: Dart              |       |     6 ||     6
 Stab: Sleeping          |    16 |    19 ||    35
       Distracted        |       |     1 ||     1
Armor: Robe              |    16 |    33 ||    49
Dodge: Dodged            |    56 |   160 ||   216

Table legend: (Time is in decaauts)
 A = Elapsed time spent in this place.
 B = Non-inter-level travel time spent in this place.
 C = Inter-level travel time spent in this place.
 D = Time resting spent in this place.
 E = Time spent auto-exploring this place.
 F = Levels seen in this place.
 G = Mean time per level.
                   A        B        C        D        E       F      G
               +--------+--------+--------+--------+--------+-----+--------+
         Total |   2205 |   2132 |     73 |     58 |   1467 |   5 |  441.0 |
       Dungeon |   1821 |   1748 |     73 |      0 |   1308 |   4 |  455.2 |
         Sewer |    384 |    384 |      0 |     58 |    158 |   1 |  384.0 |
               +--------+--------+--------+--------+--------+-----+--------+

Top non-repeatable levels by time:
     D:3: 674 daAuts
     D:1: 450 daAuts
     D:2: 390 daAuts
   Sewer: 384 daAuts
     D:4: 306 daAuts
